 Dungeon Crawl Stone Soup version 0.21.1-1-g345015f (webtiles) character file.

14171 Inarius the Brawler (level 12, -2/95 HPs)
             Began as a Ghoul Monk on Feb 5, 2018.
             Was a High Priest of Makhleb.
             Slain by a brown ugly thing (17 damage)
             ... on level 10 of the Dungeon.
             The game lasted 00:26:37 (8720 turns).

Inarius the Brawler (Ghoul Monk)                    Turns: 8720, Time: 00:26:38

Health: -2/95      AC: -3    Str: 20    XL:     12   Next: 13%
Magic:  15/15      EV: 13    Int:  5    God:    Makhleb [*****.]
Gold:   287        SH:  0    Dex: 11    Spells: 11/11 levels left

rFire    . . .     SeeInvis +     - Unarmed
rCold    + + .     Gourm    .   (no shield)
rNeg     + + +     Faith    .   C - +3 ring mail {rC+}
rPois    ∞         Spirit   .   (no helmet)
rElec    .         Reflect  .   k - +0 cloak
rCorr    .         Harm     .   (no gloves)
MR       .....                  p - +0 pair of boots
Stlth    +.........             (no amulet)
HPRegen  0.00/turn              c - ring of see invisible
MPRegen  0.14/turn              (no ring)

@: corroded, rotting
A: rotting body, claws 1, carnivore, cold resistance 1, negative energy
resistance 3, inhibited regeneration, torment resistance, unbreathing
a: Minor Destruction, Lesser Servant of Makhleb, Major Destruction, Greater
Servant of Makhleb, Renounce Religion


You were on level 10 of the Dungeon.
You worshipped Makhleb.
Makhleb was extremely pleased with you.
You were not hungry.

You visited 2 branches of the dungeon, and saw 11 of its levels.
You also visited: Ossuary.

You collected 680 gold pieces.
You spent 393 gold pieces at shops.

Inventory:

Armour
 k - a +0 cloak (worn)
 p - a +0 pair of boots (worn)
 t - a +0 scale mail of magic resistance
 C - a +3 ring mail of cold resistance (worn)
 G - a +0 plate armour
Jewellery
 c - a ring of see invisible (left claw)
 d - an uncursed ring of fire
 B - an uncursed ring of ice
Wands
 l - a wand of flame (18)
 x - a wand of acid (9)
Scrolls
 e - 2 scrolls of fog
 m - a scroll of identify
 n - 5 scrolls of teleportation
 q - 6 scrolls of remove curse
 s - 4 scrolls of amnesia {unknown}
 v - 4 scrolls of magic mapping
 y - 5 scrolls of enchant armour {unknown}
Potions
 a - 3 potions of heal wounds
 f - a potion of brilliance
 g - a potion of invisibility
 h - 3 potions of flight
 i - a potion of resistance {unknown}
 j - 10 potions of curing
 r - 3 potions of haste
 w - a potion of agility
 z - a potion of cancellation {unknown}
 A - a potion of might
Comestibles
 b - 23 rations
 o - 8 chunks of flesh


   Skills:
 + Level 5.8 Fighting
 + Level 7.2 Armour
 + Level 6.2 Dodging
 - Level 2.1 Stealth
 + Level 15.7 Unarmed Combat
 + Level 5.6 Invocations


You had 11 spell levels left.
You didn't know any spells.

Dungeon Overview and Level Annotations

Branches:
Dungeon (10/15)            Temple (1/1) D:4            Lair (0/6) D:10
    Orc (0/2) D:9

Altars:
Cheibriados
Elyvilon
Gozag
Kikubaaqudgha
Makhleb
Okawaru
Ru
Sif Muna
Trog
Uskayaw
Vehumet
Xom
Zin

Shops:
D:4 :   D:5 *   D:7 :   D:8 !


Innate Abilities, Weirdness & Mutations

Your body is rotting away.
You thrive on raw meat.
You are immune to poison.
You have sharp fingernails.
You are carnivorous and can eat meat at any time.
Your flesh is cold resistant. (rC+)
You are immune to negative energy. (rN+++)
You do not regenerate when monsters are visible.
You are immune to unholy pain and torment.
You can survive without breathing.


Message History

You scratch the brown ugly thing.
The brown ugly thing is heavily wounded.
You barely miss the brown ugly thing.
The brown ugly thing is heavily wounded.
The brown ugly thing claws you!
You are splashed with acid!
The acid burns!
* * * LOW HITPOINT WARNING * * *
You mangle the brown ugly thing!!
The brown ugly thing is severely wounded.
The brown ugly thing claws you.
* * * LOW HITPOINT WARNING * * *
The acid corrodes you!
You are splashed with acid!
The acid burns!
* * * LOW HITPOINT WARNING * * *
The brown ugly thing completely misses you.
Eat one of 8 chunks of flesh? (ye/n/q)
Okay, then.
The brown ugly thing closely misses you.
You feel a little less agile now.
Okay, then.
The brown ugly thing claws you!
You die...

#.# ##.#.#.## ##+##
#.# #.##.##.# #.# #.#
##.#.#.######## #.#
#.#
##...........###.#####
#.#
###.#.######.##...#...
######.# #..(..#
#.#.[...... .>.....#
#.###.#### #.##...#...
######## #.#
#..(.###.###.##...
#.###@##..............
#...u.######.#########
#####.######.#
#........# ##########


You could see a brown ugly thing.

Vanquished Creatures
  A hydra (D:8)
  Erica (D:8)
  2 two-headed ogres (D:8)
  4 ugly things (D:10)
  Joseph (D:7)
  A centaur zombie (D:10)
  A troll (D:9)
  2 dream sheep (D:8)
  2 hippogriffs
  Sigmund (D:2)
  13 yaks
  A steam dragon (D:8)
  3 hungry ghosts
  2 insubstantial wisps (D:8)
  3 orc warriors
  4 sky beasts
  3 ice beasts
  3 black bears
  10 ogres
  3 phantoms
  3 centaurs
  4 big kobolds
  4 bullfrogs
  3 water moccasin zombies (Ossuary)
  5 scorpions
  A water moccasin skeleton (D:7)
  2 troll zombies (D:9)
  6 wights
  2 howler monkeys
  5 crimson imps
  A quasit (D:5)
  A bullfrog zombie (D:5)
  4 hounds
  A jelly (D:4)
  5 orc priests
  4 iguanas
  11 orc wizards
  2 bullfrog skeletons
  A centaur skeleton (D:4)
  8 worker ants
  6 ogre zombies (D:9)
  The ghost of letownia3 the Magician, a weakling DsWz (D:3)
  3 hound zombies
  2 hound skeletons
  3 mummies
  A worker ant zombie (D:5)
  A howler monkey skeleton (D:8)
  3 gnolls (D:6)
  17 adders
  3 shadow imps
  2 oozes
  4 adder zombies
  An adder skeleton (D:9)
  2 worms
  2 leopard geckos
  34 orcs
  2 ball pythons
  4 giant cockroaches
  9 goblins
  12 hobgoblins
  12 jackals
  5 quokkas
  9 bats
  7 frilled lizards
  3 gnoll zombies (Ossuary)
  2 goblin skeletons (D:9)
  2 goblin zombies (D:9)
  2 hobgoblin skeletons (D:9)
  9 hobgoblin zombies
  14 kobolds
  5 kobold zombies (Ossuary)
  An orc skeleton (D:9)
  20 orc zombies
  5 rats
342 creatures vanquished.

Notes
Turn   | Place    | Note
-------+----------+-------------------------------------------
     0 | D:1      | Inarius the Ghoul Monk began the quest for the Orb.
     0 | D:1      | Reached XP level 1. HP: 19/19 MP: 0/0
    90 | D:1      | Reached XP level 2. HP: 25/26 MP: 1/1
   423 | D:1      | Reached XP level 3. HP: 28/33 MP: 2/2
  1058 | D:2      | Noticed Sigmund
  1088 | D:2      | Killed Sigmund
  1088 | D:2      | Reached skill level 1 in Armour
  1088 | D:2      | Reached skill level 5 in Unarmed Combat
  1088 | D:2      | Reached XP level 4. HP: 13/40 MP: 3/3
  1088 | D:2      | Reached XP level 5. HP: 15/46 MP: 4/4
  1457 | D:3      | Reached XP level 6. HP: 52/52 MP: 5/5
  1784 | D:3      | Noticed letownia3's ghost (weakling DsWz)
  1796 | D:3      | Killed letownia3's ghost
  1893 | D:3      | Reached skill level 6 in Unarmed Combat
  2122 | D:4      | Found Vaebbax's Book Emporium.
  2371 | D:4      | Reached XP level 7. HP: 33/59 MP: 6/6
  2526 | D:4      | Found Zin's Purification Station.
  2531 | D:4      | Found a glowing silver altar of Zin.
  2556 | D:4      | Bought a potion of curing for 90 gold pieces
  2704 | D:4      | Reached skill level 7 in Unarmed Combat
  2828 | D:4      | Found a staircase to the Ecumenical Temple.
  2832 | Temple   | Entered the Ecumenical Temple
  2848 | Temple   | Became a worshipper of Makhleb the Destroyer
  2848 | Temple   | Reached * piety under Makhleb
  2848 | Temple   | Reached ** piety under Makhleb
  2924 | D:5      | Entered Level 5 of the Dungeon
  2960 | D:5      | Found a sacrificial altar of Ru.
  3095 | D:5      | Found Acluin's General Store.
  3102 | D:5      | Reached XP level 8. HP: 44/67 MP: 7/7
  3107 | D:5      | Reached skill level 8 in Unarmed Combat
  3304 | D:5      | Found a sand-covered staircase.
  3396 | Ossuary  | Entered an ossuary
  3603 | Ossuary  | Reached skill level 9 in Unarmed Combat
  3651 | Ossuary  | Reached *** piety under Makhleb
  3780 | D:5      | Bought a scroll of identify for 26 gold pieces
  3780 | D:5      | Bought a potion of might for 52 gold pieces
  4105 | D:6      | Reached XP level 9. HP: 72/72 MP: 8/8
  4147 | D:6      | Reached skill level 10 in Unarmed Combat
  4607 | D:6      | Reached skill level 5 in Armour
  4647 | D:7      | Noticed Joseph
  4884 | D:7      | Found Fakk's Book Shop.
  4952 | D:7      | Reached **** piety under Makhleb
  4952 | D:7      | Reached skill level 11 in Unarmed Combat
  5124 | D:7      | Killed Joseph
  5124 | D:7      | Reached skill level 1 in Invocations
  5175 | D:7      | Reached XP level 10. HP: 73/80 MP: 10/10
  5207 | D:7      | Reached skill level 12 in Unarmed Combat
  5709 | D:8      | Reached skill level 5 in Fighting
  5818 | D:8      | Noticed Erica
  5867 | D:8      | Killed Erica
  5867 | D:8      | Reached skill level 5 in Dodging
  5890 | D:8      | Found Notoesk's Distillery.
  5894 | D:8      | Bought 2 potions of heal wounds for 150 gold pieces
  5894 | D:8      | Bought a potion of heal wounds for 75 gold pieces
  5947 | D:8      | Noticed a two-headed ogre
  5955 | D:8      | Killed a two-headed ogre
  5955 | D:8      | Reached skill level 13 in Unarmed Combat
  6435 | D:8      | Reached XP level 11. HP: 88/88 MP: 13/13
  6482 | D:8      | Noticed a three-headed hydra
  6494 | D:8      | Killed a three-headed hydra
  6494 | D:8      | Reached ***** piety under Makhleb
  6494 | D:8      | Reached skill level 5 in Invocations
  6527 | D:8      | Noticed a two-headed ogre
  6536 | D:8      | Killed a two-headed ogre
  6536 | D:8      | Reached skill level 14 in Unarmed Combat
  7149 | D:9      | Found a staircase to the Orcish Mines.
  7694 | D:10     | Entered Level 10 of the Dungeon
  8021 | D:10     | Reached skill level 15 in Unarmed Combat
  8226 | D:10     | Found a staircase to the Lair.
  8627 | D:10     | Noticed a green ugly thing
  8627 | D:10     | Noticed a green ugly thing
  8628 | D:10     | Noticed a green ugly thing
  8628 | D:10     | Noticed a green ugly thing
  8641 | D:10     | Noticed a brown ugly thing
  8646 | D:10     | Killed a green ugly thing
  8646 | D:10     | Reached XP level 12. HP: 84/95 MP: 15/15
  8720 | D:10     | Slain by a brown ugly thing

Skill      XL: |  1  2  3  4  5  6  7  8  9 10 11 |
---------------+----------------------------------+-----
Dodging        | 3 4 5 6 |  6.2
Fighting       | 4 5 |  5.8
Armour         | 1 2 3 4 5 6 7 |  7.2
Unarmed Combat | 5 6 7 9 11 13 15 | 15.7
Invocations    | 1 4 5 |  5.6
Stealth        | |  2.1

Action                   |  1- 3 |  4- 6 |  7- 9 | 10-12 || total
-------------------------+-------+-------+-------+-------++-------
Melee: Unarmed           |   129 |   143 |   452 |   524 ||  1248
       Punch             |     2 |     2 |    23 |    33 ||    60
Invok: Minor Destruction |       |       |    10 |    27 ||    37
  Use: Scroll            |     2 |       |     9 |    10 ||    21
       Potion            |     2 |       |     1 |     4 ||     7
 Stab: Sleeping          |     1 |       |       |       ||     1
  Eat: Chunk             |    10 |    21 |    40 |    36 ||   107
Armor: Leather armour    |    15 |       |       |       ||    15
       Scale mail        |    17 |    62 |   143 |     2 ||   224
       Ring mail         |       |       |       |   144 ||   144
Dodge: Dodged            |    77 |    79 |   185 |   251 ||   592
